Blackdemons vs Sewer Rats (R2)

Created - April 16, 2019 at 22:15

Goals
1 2 3 T
Blackdemons 3 1 3 7
Sewer Rats 4 1 1 6
Shots
1 2 3 T
Blackdemons 13 11 9 33
Sewer Rats 17 9 15 41

1st period

1. Sewer Rats , Mark Mancari 51 (Tomas Tatar 40) at 6:47 (PP)
2. Blackdemons , Alexei Morozov 39 (Roman Josi 34, Keaton Ellerby 37) at 7:03
3. Blackdemons , Max Friberg 22 (Roman Josi 35, Patrice Cormier 61) at 13:54
4. Sewer Rats , Mark Mancari 52 (Tomas Tatar 41) at 14:06
5. Sewer Rats , Joseph Blandisi 3 (Ryan Murphy 13, Dmitrij Jaskin 9) at 16:48
6. Sewer Rats , Erik Condra 24 (Jarred Tinordi 21, Daniel Carr 36) at 17:26
7. Blackdemons , Max Friberg 23 (Zachary Sanford 31, Patrice Cormier 62) at 17:39

Penalties :
Hudson Fasching (MJM) for Hooking (Minor) at 4:50, Hudson Fasching (MJM) for Holding (Minor) at 14:33, Martin Hanzal (MJM) for Interference (Minor) at 18:01

2nd period

8. Blackdemons , Zachary Sanford 25 (Patrice Cormier 63, Roman Josi 36) at 10:54
9. Sewer Rats , Dmitrij Jaskin 19 (Connor Carrick 8) at 15:57

Penalties :
Keaton Ellerby (MJM) for Slashing (Minor) at 13:30, Jarred Tinordi (Tol) for Roughing (Minor) at 16:25

3rd period

10. Blackdemons , Blake Pietila 36 (Alexei Morozov 55) at 6:18
11. Sewer Rats , Erik Condra 25 (Daniel Carr 37, Vincent Trocheck 44) at 13:29 (PP)
12. Blackdemons , Max Friberg 24 (Patrice Cormier 64, Zachary Sanford 32) at 17:39
13. Blackdemons , Ladislav Nagy 39 (Kyle Rau 35, Yannick Weber 44) at 18:58

Penalties :
Mark Mancari (Tol) for Hooking (Minor) at 0:17, Hudson Fasching (MJM) for Interference (Minor) at 2:51, Alexei Morozov (MJM) for Roughing (Minor) at 9:06, Brett Kulak (MJM) for High sticking (Minor) at 12:33

Goalie Stats

Laurent Brossoit (MJM), 35 saves from 41 shots - (0.854), W, 14-8-3, 60:00 minutes
Marek Mazanek (Tol), 26 saves from 33 shots - (0.788), L, 40-10-5, 59:08 minutes

Players Stats for Blackdemons

Player Name              G  A  P  +/- PIM S  H  SB GA TA FO     MP     PP MP  PK MP  
------------------------------------------------------------------------------------
Alexei Morozov           1  1  2   1  2   3  1  0  2  1  1/1    14:54   2:00   0:00 
Blake Pietila            1  0  1   0  0   2  1  1  0  0  0/0    14:16   2:00   0:07 
Brett Kulak              0  0  0  -1  2   0  2  2  0  1  0/0     9:08   0:00   0:00 
Hudson Fasching          0  0  0  -1  6   0  1  1  0  0  0/1    11:40   0:00   0:00 
James Livingstone        0  0  0  -1  0   0  0  0  0  0  0/0     5:45   0:00   0:00 
Jeffrey Foss             0  0  0  -1  0   0  1  0  0  0  0/0    21:04   2:05   6:30 
Keaton Ellerby           0  1  1   4  2   3  2  2  0  4  0/0    25:41   1:53   5:09 
Kyle Rau                 0  1  1   0  0   2  0  1  0  0  6/9    16:55   0:00   6:24 
Ladislav Nagy            1  0  1   0  0   6  1  0  1  0  0/0    18:27   0:00   6:17 
Martin Hanzal            0  0  0   1  2   0  0  1  0  0  15/20  15:13   1:58   0:00 
Matt Grzelcyk            0  0  0   1  0   0  0  0  0  1  0/0    10:20   0:00   6:18 
Max Friberg              3  0  3   4  0   5  0  1  0  0  0/2    15:08   1:58   0:00 
Patrice Cormier          0  4  4   4  0   4  5  0  1  0  15/27  21:53   2:00   6:20 
Robbie Russo             0  0  0  -1  0   0  0  0  0  1  0/0     9:09   0:00   0:00 
Roman Josi               0  3  3   4  0   3  2  1  0  2  0/0    20:24   1:53   0:57 
Scott Timmins            0  0  0  -2  0   1  0  0  0  0  0/1     6:19   0:00   0:04 
Sergei Plotnikov         0  0  0  -1  0   2  1  0  0  0  0/0    12:09   0:00   6:24 
Tommy Vannelli           0  0  0   1  0   0  0  0  0  0  0/0     3:10   0:00   0:12 
Yannick Weber            0  1  1  -1  0   0  0  1  0  1  0/0    21:04   2:05   6:30 
Zachary Sanford          1  2  3   4  0   2  0  0  1  0  1/2    14:26   1:58   0:00 

Players Stats for Sewer Rats

Player Name              G  A  P  +/- PIM S  H  SB GA TA FO     MP     PP MP  PK MP  
------------------------------------------------------------------------------------
Anthony Duclair          0  0  0  -1  0   1  1  0  0  0  0/0     9:45   0:00   0:00 
Connor Carrick           0  1  1   0  0   0  0  0  0  1  0/0     8:51   0:00   0:44 
Daniel Carr              0  2  2   0  0   1  1  1  0  0  0/1    18:14   5:56   1:00 
Dmitrij Jaskin           1  1  2   1  0   2  0  0  0  0  0/0     8:02   0:11   0:00 
Erik Condra              2  0  2   0  0   4  0  0  1  0  0/1    18:49   5:56   2:10 
Jarred Tinordi           0  1  1  -1  2   7  4  2  0  1  0/0    27:29   7:15   1:18 
Joel Edmundson           0  0  0  -2  0   1  3  1  1  0  0/0    21:58   5:33   1:15 
John Ramage              0  0  0  -2  0   0  0  4  1  0  0/0    21:58   5:33   1:15 
Jonathan Marchessault    0  0  0  -3  0   4  2  0  1  1  14/39  20:40   6:38   0:24 
Joseph Blandisi          1  0  1   1  0   1  0  0  0  0  0/0     6:34   0:00   0:00 
Mark Mancari             2  0  2  -3  2   5  2  1  1  0  1/1    22:26   6:34   0:58 
Martin Frk               0  0  0  -1  0   2  0  0  1  0  0/0    11:20   0:18   0:00 
Nick Cousins             0  0  0   1  0   2  0  1  0  0  1/4     8:41   0:00   1:31 
Ryan Murphy              0  1  1   0  0   0  0  0  0  0  0/0     8:07   0:00   0:00 
Steven Kampfer           0  0  0  -1  0   3  2  1  0  1  0/0    29:55   7:15   2:43 
Tomas Tatar              0  2  2  -3  0   7  0  0  3  0  0/0    20:36   6:34   0:24 
Vincent Trocheck         0  1  1   0  0   0  0  0  2  0  5/12   18:43   5:50   1:29 
William Karlsson         0  0  0  -1  0   1  1  0  0  1  4/5    11:29   0:27   0:00 
Xavier Ouellet           0  0  0   0  0   0  0  0  0  0  0/0     2:23   0:00   0:41 

3 Stars

1 - Max Friberg (MJM)
2 - Patrice Cormier (MJM)
3 - Zachary Sanford (MJM)

Power Play

Blackdemons - 0 on 2 Attempt(s) - 0.00%
Sewer Rats - 2 on 7 Attempt(s) - 28.57%

Penalty Kill

Blackdemons - 5 on 7 Attempt(s) - 71.43% - Score 0 goal in Penalty Kill
Sewer Rats - 2 on 2 Attempt(s) - 100.00% - Score 0 goal in Penalty Kill

Team Stat

Blackdemons - Hits : 17 - Faceoff Wins : 38 - Blocked Shots : 11 - Penalty Minutes : 14
Sewer Rats - Hits : 16 - Faceoff Wins : 25 - Blocked Shots : 11 - Penalty Minutes : 4

Official

Referees : Unknown
Linesman : Unknown

Game Notes

Max Friberg has scored a Hat Trick!
Max Friberg is injured at 19:40 of 3rd period (Sprained Right Finger)

Finance

Level 1 -- Attendance: 1499 (74.95%) -- Ticket Income $52,465
Level 2 -- Attendance: 751 (75.10%) -- Ticket Income $12,767
Total Attendance: 2250 (75.00%)
Total Ticket Income: $65,232
Other Income: $3,262
Total Income: $68,494

Blackdemons

5 vs 5 Forward 
   Center                   Left Wing                Right Wing               Time % Phy DF OF 
 1 Martin Hanzal            Blake Pietila            Alexei Morozov           34     0   1  4  
 2 Patrice Cormier          Zachary Sanford          Max Friberg              33     0   1  4  
 3 Kyle Rau                 Ladislav Nagy            Hudson Fasching          22     0   2  3  
 4 Scott Timmins            Sergei Plotnikov         James Livingstone        11     0   1  4  

5 vs 5 Defense 
   Defense                  Defense                                           Time % Phy DF OF 
 1 Keaton Ellerby           Roman Josi                                        40     0   4  1  
 2 Jeffrey Foss             Yannick Weber                                     30     0   4  1  
 3 Brett Kulak              Robbie Russo                                      22     0   5  0  
 4 Matt Grzelcyk            Tommy Vannelli                                    8      0   5  0  

PowerPlay Forward 
   Center                   Left Wing                Right Wing               Time % Phy DF OF 
 1 Patrice Cormier          Blake Pietila            Alexei Morozov           50     0   0  5  
 2 Martin Hanzal            Zachary Sanford          Max Friberg              50     0   0  5  

PowerPlay Defense
   Defense                  Defense                                           Time % Phy DF OF 
 1 Jeffrey Foss             Yannick Weber                                     50     0   1  4  
 2 Keaton Ellerby           Roman Josi                                        50     0   1  4  

Penalty Kill 4 Players Forward 
   Center                   Wing                     Time % Phy DF OF 
 1 Patrice Cormier          Ladislav Nagy            50     0   5  0  
 2 Kyle Rau                 Sergei Plotnikov         50     0   5  0  

Penalty Kill 4 Players Defense
   Defense                  Defense                  Time % Phy DF OF 
 1 Yannick Weber            Jeffrey Foss             50     0   5  0  
 2 Matt Grzelcyk            Keaton Ellerby           50     0   5  0  

Penalty Kill - 3 Players Forward 
   Forward                                           Time % Phy DF OF 
 1 Patrice Cormier                                   60     0   5  0  
 2 Martin Hanzal                                     40     0   5  0  

Penalty Kill - 3 Players Defense
   Defense                  Defense                  Time % Phy DF OF 
 1 Yannick Weber            Roman Josi               60     0   5  0  
 2 Jeffrey Foss             Keaton Ellerby           40     0   5  0  

4 vs 4 Forward 
   Center                   Wing                     Time % Phy DF OF 
 1 Kyle Rau                 Martin Hanzal            50     1   2  2  
 2 Ladislav Nagy            Patrice Cormier          50     1   2  2  

4 vs 4 Defense
   Defense                  Defense                  Time % Phy DF OF 
 1 Keaton Ellerby           Roman Josi               50     1   2  2  
 2 Yannick Weber            Jeffrey Foss             50     1   2  2  

Last Minutes Offensive
   Center                   Left Wing                Right Wing               Defense                  Defense                  
   Martin Hanzal            Ladislav Nagy            Alexei Morozov           Roman Josi               Keaton Ellerby           

Last Minutes Defensive
   Center                   Left Wing                Right Wing               Defense                  Defense                  
   Martin Hanzal            Ladislav Nagy            Alexei Morozov           Roman Josi               Keaton Ellerby           

Goaltenders
Starting : Laurent Brossoit         
Backup : Matt Hackett             

Extra Forwards
Normal : Max Friberg, Scott Timmins, Ladislav Nagy - PP : Max Friberg, Scott Timmins - PK : Patrice Cormier
Extra Defensemen
Normal : Yannick Weber, Roman Josi, Jeffrey Foss - PP : Yannick Weber - PK : Roman Josi, Jeffrey Foss
Penalty Shots
Martin Hanzal, Ladislav Nagy, Sergei Plotnikov, Hudson Fasching, Patrice Cormier

Scratches
Alexandre Grenier (Torn Right Knee Ligaments Injury), Christophe Lalancette (Healthy), Charles-Olivier Roussel (Healthy), Klas Dahlbeck (Healthy), Remi Elie (Healthy)
Jyrki Jokipakka (Healthy), Mackenzie MacEachern (Healthy), Ben Maxwell (Healthy), Nicolas Deschamps (Healthy), Angelo Esposito (Healthy)
Jacob Lagacé (Healthy), Ebbe Siönäs (Healthy), Sami Aittokallio (Healthy), Jeremy Smith (Healthy)

Sewer Rats

5 vs 5 Forward 
   Center                   Left Wing                Right Wing               Time % Phy DF OF 
 1 Jonathan Marchessault    Tomas Tatar              Mark Mancari             40     1   2  2  
 2 Vincent Trocheck         Daniel Carr              Erik Condra              30     1   2  2  
 3 William Karlsson         Anthony Duclair          Martin Frk               20     1   2  2  
 4 Nick Cousins             Joseph Blandisi          Dmitrij Jaskin           10     1   2  2  

5 vs 5 Defense 
   Defense                  Defense                                           Time % Phy DF OF 
 1 Steven Kampfer           Jarred Tinordi                                    40     1   2  2  
 2 Joel Edmundson           John Ramage                                       30     1   2  2  
 3 Ryan Murphy              Connor Carrick                                    20     1   2  2  
 4 Xavier Ouellet           Steven Kampfer                                    10     1   2  2  

PowerPlay Forward 
   Center                   Left Wing                Right Wing               Time % Phy DF OF 
 1 Jonathan Marchessault    Tomas Tatar              Mark Mancari             60     1   2  2  
 2 Vincent Trocheck         Daniel Carr              Erik Condra              40     1   2  2  

PowerPlay Defense
   Defense                  Defense                                           Time % Phy DF OF 
 1 Steven Kampfer           Jarred Tinordi                                    60     1   2  2  
 2 Joel Edmundson           John Ramage                                       40     1   2  2  

Penalty Kill 4 Players Forward 
   Center                   Wing                     Time % Phy DF OF 
 1 Mark Mancari             Erik Condra              60     1   2  2  
 2 Tomas Tatar              Jonathan Marchessault    40     1   2  2  

Penalty Kill 4 Players Defense
   Defense                  Defense                  Time % Phy DF OF 
 1 Steven Kampfer           Jarred Tinordi           60     1   2  2  
 2 Joel Edmundson           John Ramage              40     1   2  2  

Penalty Kill - 3 Players Forward 
   Forward                                           Time % Phy DF OF 
 1 Mark Mancari                                      60     1   2  2  
 2 Erik Condra                                       40     1   2  2  

Penalty Kill - 3 Players Defense
   Defense                  Defense                  Time % Phy DF OF 
 1 Steven Kampfer           Jarred Tinordi           60     1   2  2  
 2 Joel Edmundson           John Ramage              40     1   2  2  

4 vs 4 Forward 
   Center                   Wing                     Time % Phy DF OF 
 1 Mark Mancari             Erik Condra              60     1   2  2  
 2 Tomas Tatar              Jonathan Marchessault    40     1   2  2  

4 vs 4 Defense
   Defense                  Defense                  Time % Phy DF OF 
 1 Steven Kampfer           Jarred Tinordi           60     1   2  2  
 2 Joel Edmundson           John Ramage              40     1   2  2  

Last Minutes Offensive
   Center                   Left Wing                Right Wing               Defense                  Defense                  
   Jonathan Marchessault    Tomas Tatar              Mark Mancari             Steven Kampfer           Jarred Tinordi           

Last Minutes Defensive
   Center                   Left Wing                Right Wing               Defense                  Defense                  
   Jonathan Marchessault    Tomas Tatar              Mark Mancari             Steven Kampfer           Jarred Tinordi           

Goaltenders
Starting : Marek Mazanek            
Backup : Antoine Bibeau           

Extra Forwards
Normal : William Karlsson, Martin Frk, Nick Cousins - PP : William Karlsson, Martin Frk - PK : Nick Cousins
Extra Defensemen
Normal : Ryan Murphy, Connor Carrick, Xavier Ouellet - PP : Ryan Murphy - PK : Connor Carrick, Xavier Ouellet
Penalty Shots
Mark Mancari, Erik Condra, Tomas Tatar, Jonathan Marchessault, Vincent Trocheck

Scratches
Dominik Kubalik (Healthy), Matt Lashoff (Healthy), Josh Archibald (Healthy), Jonathan Racine (Healthy), Tyler Motte (Healthy)
Chris Calhan (Healthy), Sergei Kostenko (Healthy)

% Time on Ice - Blackdemons

Lines # - Real PCT - Wanted PCT - Time Play
Normal Forward
1 - 33% - 34% - 13:50
2 - 30% - 33% - 12:28
3 - 24% - 22% - 10:10
4 - 14% - 11% - 5:45
Normal Defense
1 - 41% - 40% - 17:10
2 - 31% - 30% - 12:56
3 - 22% - 22% - 9:09
4 - 7% - 8% - 2:58
PP Forward
1 - 50% - 50% - 2:00
2 - 50% - 50% - 1:58
PP Defense
1 - 53% - 50% - 2:05
2 - 47% - 50% - 1:53
PK Forward
1 - 50% - 50% - 6:24
2 - 50% - 50% - 6:24
PK Defense
1 - 51% - 50% - 6:30
2 - 49% - 50% - 6:18
PK3 Forward
1 - 0% - 60%
2 - 0% - 40%
PK3 Defense
1 - 0% - 60%
2 - 0% - 40%
44 Forward
1 - 0% - 50%
2 - 0% - 50%
44 Defense
1 - 0% - 50%
2 - 0% - 50%
Last Minute Offensive  - 0:00
Last Minute Defensive  - 1:01
Total
Forward - 60:00
Defense - 60:00

% Time on Ice - Sewer Rats

Lines # - Real PCT - Wanted PCT - Time Play
Normal Forward
1 - 36% - 40% - 15:11
2 - 25% - 30% - 10:43
3 - 23% - 20% - 9:45
4 - 16% - 10% - 6:34
Normal Defense
1 - 41% - 40% - 17:14
2 - 36% - 30% - 15:10
3 - 19% - 20% - 8:07
4 - 4% - 10% - 1:42
PP Forward
1 - 54% - 60% - 6:52
2 - 46% - 40% - 5:56
PP Defense
1 - 57% - 60% - 7:15
2 - 43% - 40% - 5:33
PK Forward
1 - 90% - 60% - 3:34
2 - 10% - 40% - 0:24
PK Defense
1 - 68% - 60% - 2:43
2 - 32% - 40% - 1:15
PK3 Forward
1 - 0% - 60%
2 - 0% - 40%
PK3 Defense
1 - 0% - 60%
2 - 0% - 40%
44 Forward
1 - 0% - 60%
2 - 0% - 40%
44 Defense
1 - 0% - 60%
2 - 0% - 40%
Last Minute Offensive  - 1:01
Last Minute Defensive  - 0:00
Total
Forward - 60:00
Defense - 60:00

Play-by-Play

1st period


0:01 of 1st period - Martin Hanzal wins face-off versus Jonathan Marchessault in neutral zone.
0:08 of 1st period - Wrist shot by Tomas Tatar.
0:08 of 1st period - Shot Blocked by Martin Hanzal.
0:10 of 1st period - Slapshot by Steven Kampfer.
0:10 of 1st period - Stopped by Laurent Brossoit with a rebound.
0:12 of 1st period - Slapshot by Jarred Tinordi.
0:12 of 1st period - Stopped by Laurent Brossoit without a rebound.
0:13 of 1st period - Vincent Trocheck wins face-off versus Patrice Cormier in Blackdemons zone.
0:14 of 1st period - Backhand shot by Erik Condra.
0:14 of 1st period - Stopped by Laurent Brossoit with a rebound.
1:19 of 1st period - Ryan Murphy is hit by Brett Kulak and loses puck.
1:32 of 1st period - Wrist shot by Mark Mancari.
1:32 of 1st period - Stopped by Laurent Brossoit without a rebound.
1:33 of 1st period - Nick Cousins wins face-off versus Max Friberg in Blackdemons zone.
1:42 of 1st period - Snap shot by Dmitrij Jaskin.
1:42 of 1st period - Stopped by Laurent Brossoit with a rebound.
1:58 of 1st period - Jarred Tinordi is hit by Roman Josi.
2:07 of 1st period - Wrist shot by Erik Condra.
2:07 of 1st period - Stopped by Laurent Brossoit with a rebound.
2:23 of 1st period - Slapshot by Ladislav Nagy.
2:23 of 1st period - Shot Misses the Net.
2:25 of 1st period - Snap shot by Roman Josi.
2:25 of 1st period - Shot Blocked by John Ramage.
3:25 of 1st period - Wrist shot by Kyle Rau.
3:25 of 1st period - Shot Misses the Net.
3:51 of 1st period - Wrist shot by Martin Frk.
3:51 of 1st period - Stopped by Laurent Brossoit without a rebound.
3:52 of 1st period - Martin Hanzal wins face-off versus Jonathan Marchessault in Blackdemons zone.
4:50 of 1st period - Minor Penalty to Hudson Fasching for Hooking.
4:51 of 1st period - Patrice Cormier wins face-off versus Jonathan Marchessault in Blackdemons zone.
5:20 of 1st period - Off-side.
5:21 of 1st period - Patrice Cormier wins face-off versus Daniel Carr in neutral zone.
5:52 of 1st period - Slapshot by Vincent Trocheck.
5:52 of 1st period - Shot Misses the Net.
6:47 of 1st period - Snap shot by Mark Mancari.
6:47 of 1st period - Goal by Mark Mancari - Blackdemons : 0 - Sewer Rats : 1.
6:48 of 1st period - Martin Hanzal wins face-off versus Jonathan Marchessault in neutral zone.
6:59 of 1st period - Snap shot by Alexei Morozov.
6:59 of 1st period - Shot Misses the Net.
7:01 of 1st period - Slapshot by Roman Josi.
7:01 of 1st period - Stopped by Marek Mazanek with a rebound.
7:03 of 1st period - Snap shot by Alexei Morozov.
7:03 of 1st period - Goal by Alexei Morozov - Blackdemons : 1 - Sewer Rats : 1.
7:04 of 1st period - Patrice Cormier wins face-off versus Jonathan Marchessault in neutral zone.
7:15 of 1st period - Slapshot by Mark Mancari.
7:15 of 1st period - Stopped by Laurent Brossoit with a rebound.
7:17 of 1st period - Slapshot by Jarred Tinordi.
7:17 of 1st period - Shot Misses the Net.
7:19 of 1st period - Slapshot by Tomas Tatar.
7:19 of 1st period - Stopped by Laurent Brossoit with a rebound.
8:05 of 1st period - Snap shot by Keaton Ellerby.
8:05 of 1st period - Stopped by Marek Mazanek with a rebound.
8:07 of 1st period - Slapshot by Keaton Ellerby.
8:07 of 1st period - Stopped by Marek Mazanek without a rebound.
8:08 of 1st period - Martin Hanzal wins face-off versus Jonathan Marchessault in Sewer Rats zone.
8:21 of 1st period - Wrist shot by Jonathan Marchessault.
8:21 of 1st period - Stopped by Laurent Brossoit without a rebound.
8:22 of 1st period - Martin Hanzal wins face-off versus Vincent Trocheck in Blackdemons zone.
8:31 of 1st period - Snap shot by Alexei Morozov.
8:31 of 1st period - Deflect By Blake Pietila.
8:31 of 1st period - Stopped by Marek Mazanek with a rebound.
8:33 of 1st period - Wrist shot by Martin Hanzal.
8:33 of 1st period - Shot Misses the Net.
8:35 of 1st period - Wrist shot by Blake Pietila.
8:35 of 1st period - Shot Blocked by Jarred Tinordi.
8:37 of 1st period - Wrist shot by Alexei Morozov.
8:37 of 1st period - Stopped by Marek Mazanek with a rebound.
9:11 of 1st period - Slapshot by Sergei Plotnikov.
9:11 of 1st period - Stopped by Marek Mazanek with a rebound.
9:13 of 1st period - Slapshot by Jeffrey Foss.
9:13 of 1st period - Shot Misses the Net.
9:15 of 1st period - Slapshot by Yannick Weber.
9:15 of 1st period - Shot Misses the Net.
9:51 of 1st period - Joel Edmundson is hit by Patrice Cormier and loses puck.
9:57 of 1st period - Icing by John Ramage.
9:58 of 1st period - Kyle Rau wins face-off versus Erik Condra in Sewer Rats zone.
9:59 of 1st period - Wrist shot by Ladislav Nagy.
9:59 of 1st period - Stopped by Marek Mazanek with a rebound.
10:08 of 1st period - Off-side.
10:09 of 1st period - Jonathan Marchessault wins face-off versus Martin Hanzal in neutral zone.
10:14 of 1st period - Wrist shot by Jonathan Marchessault.
10:14 of 1st period - Stopped by Laurent Brossoit with a rebound.
10:36 of 1st period - Icing by Keaton Ellerby.
10:37 of 1st period - Vincent Trocheck wins face-off versus Max Friberg in Blackdemons zone.
11:21 of 1st period - Snap shot by Kyle Rau.
11:21 of 1st period - Stopped by Marek Mazanek with a rebound.
11:23 of 1st period - Slapshot by Jeffrey Foss.
11:23 of 1st period - Shot Misses the Net.
12:55 of 1st period - Snap shot by Ladislav Nagy.
12:55 of 1st period - Deflect By Kyle Rau.
12:55 of 1st period - Deflect By John Ramage.
12:55 of 1st period - Shot Misses the Net.
12:55 of 1st period - Puck is out of play.
12:56 of 1st period - Patrice Cormier wins face-off versus Vincent Trocheck in Sewer Rats zone.
13:21 of 1st period - Roman Josi is hit by William Karlsson and loses puck.
13:48 of 1st period - Snap shot by Zachary Sanford.
13:48 of 1st period - Shot Misses the Net.
13:50 of 1st period - Slapshot by Roman Josi.
13:50 of 1st period - Shot Misses the Net.
13:52 of 1st period - Snap shot by Patrice Cormier.
13:52 of 1st period - Stopped by Marek Mazanek with a rebound.
13:54 of 1st period - Slapshot by Roman Josi.
13:54 of 1st period - Deflect By Max Friberg.
13:54 of 1st period - Goal by Max Friberg - Blackdemons : 2 - Sewer Rats : 1.
13:55 of 1st period - Martin Hanzal wins face-off versus Jonathan Marchessault in neutral zone.
14:06 of 1st period - Snap shot by Mark Mancari.
14:06 of 1st period - Goal by Mark Mancari - Blackdemons : 2 - Sewer Rats : 2.
14:07 of 1st period - Martin Hanzal wins face-off versus Jonathan Marchessault in neutral zone.
14:33 of 1st period - Minor Penalty to Hudson Fasching for Holding.
14:34 of 1st period - Jonathan Marchessault wins face-off versus Patrice Cormier in Blackdemons zone.
14:35 of 1st period - Wrist shot by Tomas Tatar.
14:35 of 1st period - Deflect By Jonathan Marchessault.
14:35 of 1st period - Stopped by Laurent Brossoit with a rebound.
14:37 of 1st period - Slapshot by Steven Kampfer.
14:37 of 1st period - Shot Misses the Net.
14:39 of 1st period - Wrist shot by Jarred Tinordi.
14:39 of 1st period - Stopped by Laurent Brossoit without a rebound.
14:40 of 1st period - Jonathan Marchessault wins face-off versus Patrice Cormier in Blackdemons zone.
16:33 of 1st period - Penalty to Hudson Fasching is over, Hudson Fasching is back on ice.
16:46 of 1st period - Snap shot by Dmitrij Jaskin.
16:46 of 1st period - Shot Misses the Net.
16:48 of 1st period - Wrist shot by Ryan Murphy.
16:48 of 1st period - Deflect By Joseph Blandisi.
16:48 of 1st period - Goal by Joseph Blandisi - Blackdemons : 2 - Sewer Rats : 3.
16:49 of 1st period - Jonathan Marchessault wins face-off versus Martin Hanzal in neutral zone.
17:01 of 1st period - Wrist shot by Martin Hanzal.
17:01 of 1st period - Shot Misses the Net.
17:15 of 1st period - Ladislav Nagy is hit by Jarred Tinordi and loses puck.
17:24 of 1st period - Wrist shot by Erik Condra.
17:24 of 1st period - Shot Misses the Net.
17:26 of 1st period - Backhand shot by Jarred Tinordi.
17:26 of 1st period - Deflect By Erik Condra.
17:26 of 1st period - Goal by Erik Condra - Blackdemons : 2 - Sewer Rats : 4.
17:27 of 1st period - Patrice Cormier wins face-off versus Jonathan Marchessault in neutral zone.
17:37 of 1st period - Slapshot by Zachary Sanford.
17:37 of 1st period - Deflect By Max Friberg.
17:37 of 1st period - Stopped by Marek Mazanek with a rebound.
17:39 of 1st period - Slapshot by Max Friberg.
17:39 of 1st period - Goal by Max Friberg - Blackdemons : 3 - Sewer Rats : 4.
17:40 of 1st period - Martin Hanzal wins face-off versus Jonathan Marchessault in neutral zone.
18:01 of 1st period - Minor Penalty to Martin Hanzal for Interference.
18:02 of 1st period - Jonathan Marchessault wins face-off versus Patrice Cormier in Blackdemons zone.
18:17 of 1st period - Wrist shot by Steven Kampfer.
18:17 of 1st period - Shot Misses the Net.
Goals for this period are 3 for Blackdemons vs 4 for Sewer Rats.
Shots for this period are 13 for Blackdemons vs 17 for Sewer Rats.

2nd period


0:01 of 2nd period - Penalty to Martin Hanzal is over, Martin Hanzal is back on ice.
0:01 of 2nd period - Patrice Cormier wins face-off versus Jonathan Marchessault in neutral zone.
0:06 of 2nd period - Snap shot by Patrice Cormier.
0:06 of 2nd period - Shot Misses the Net.
1:00 of 2nd period - Backhand shot by Tomas Tatar.
1:00 of 2nd period - Shot Misses the Net.
1:02 of 2nd period - Slapshot by Jarred Tinordi.
1:02 of 2nd period - Stopped by Laurent Brossoit with a rebound.
1:04 of 2nd period - Wrist shot by Mark Mancari.
1:04 of 2nd period - Deflect By Tomas Tatar.
1:04 of 2nd period - Shot Blocked by Keaton Ellerby.
1:04 of 2nd period - Puck is out of play.
1:05 of 2nd period - Patrice Cormier wins face-off versus Vincent Trocheck in Blackdemons zone.
1:14 of 2nd period - Snap shot by Patrice Cormier.
1:14 of 2nd period - Stopped by Marek Mazanek with a rebound.
1:16 of 2nd period - Slapshot by Max Friberg.
1:16 of 2nd period - Stopped by Marek Mazanek with a rebound.
1:18 of 2nd period - Wrist shot by Zachary Sanford.
1:18 of 2nd period - Shot Blocked by John Ramage.
1:20 of 2nd period - Wrist shot by Max Friberg.
1:20 of 2nd period - Shot Misses the Net.
2:08 of 2nd period - Off-side.
2:09 of 2nd period - Vincent Trocheck wins face-off versus Patrice Cormier in neutral zone.
4:24 of 2nd period - Snap shot by Tomas Tatar.
4:24 of 2nd period - Shot Blocked by Yannick Weber.
4:26 of 2nd period - Snap shot by Mark Mancari.
4:26 of 2nd period - Shot Blocked by Kyle Rau.
5:19 of 2nd period - Snap shot by Scott Timmins.
5:19 of 2nd period - Stopped by Marek Mazanek with a rebound.
5:21 of 2nd period - Snap shot by Sergei Plotnikov.
5:21 of 2nd period - Stopped by Marek Mazanek without a rebound.
5:22 of 2nd period - Jonathan Marchessault wins face-off versus Patrice Cormier in Sewer Rats zone.
5:54 of 2nd period - Snap shot by Daniel Carr.
5:54 of 2nd period - Shot Misses the Net.
6:09 of 2nd period - Icing by Martin Hanzal.
6:10 of 2nd period - William Karlsson wins face-off versus Hudson Fasching in Blackdemons zone.
6:11 of 2nd period - Snap shot by Martin Frk.
6:11 of 2nd period - Shot Blocked by Brett Kulak.
6:13 of 2nd period - Snap shot by William Karlsson.
6:13 of 2nd period - Stopped by Laurent Brossoit with a rebound.
6:15 of 2nd period - Wrist shot by Jarred Tinordi.
6:15 of 2nd period - Stopped by Laurent Brossoit with a rebound.
6:17 of 2nd period - Wrist shot by Steven Kampfer.
6:17 of 2nd period - Shot Blocked by Hudson Fasching.
6:19 of 2nd period - Snap shot by Martin Frk.
6:19 of 2nd period - Deflect By Anthony Duclair.
6:19 of 2nd period - Stopped by Laurent Brossoit with a rebound.
6:23 of 2nd period - Snap shot by Anthony Duclair.
6:23 of 2nd period - Shot Misses the Net.
6:25 of 2nd period - Slapshot by Jarred Tinordi.
6:25 of 2nd period - Stopped by Laurent Brossoit with a rebound.
6:57 of 2nd period - Snap shot by Kyle Rau.
6:57 of 2nd period - Stopped by Marek Mazanek without a rebound.
6:58 of 2nd period - Jonathan Marchessault wins face-off versus Patrice Cormier in Sewer Rats zone.
7:23 of 2nd period - Martin Frk is hit by Alexei Morozov and loses puck.
8:34 of 2nd period - Ladislav Nagy is hit by Mark Mancari.
8:46 of 2nd period - Snap shot by William Karlsson.
8:46 of 2nd period - Shot Blocked by Blake Pietila.
8:52 of 2nd period - Snap shot by Martin Frk.
8:52 of 2nd period - Shot Misses the Net.
8:54 of 2nd period - Slapshot by Jarred Tinordi.
8:54 of 2nd period - Stopped by Laurent Brossoit without a rebound.
8:55 of 2nd period - Jonathan Marchessault wins face-off versus Patrice Cormier in Blackdemons zone.
9:14 of 2nd period - Joel Edmundson is hit by Jeffrey Foss.
10:12 of 2nd period - Snap shot by Ladislav Nagy.
10:12 of 2nd period - Stopped by Marek Mazanek without a rebound.
10:13 of 2nd period - William Karlsson wins face-off versus Zachary Sanford in Sewer Rats zone.
10:34 of 2nd period - Max Friberg is hit by Anthony Duclair and loses puck.
10:41 of 2nd period - William Karlsson is hit by Patrice Cormier and loses puck.
10:54 of 2nd period - Snap shot by Zachary Sanford.
10:54 of 2nd period - Goal by Zachary Sanford - Blackdemons : 4 - Sewer Rats : 4.
10:55 of 2nd period - Martin Hanzal wins face-off versus Jonathan Marchessault in neutral zone.
11:00 of 2nd period - Jarred Tinordi is hit by Keaton Ellerby and loses puck.
11:09 of 2nd period - Snap shot by Jonathan Marchessault.
11:09 of 2nd period - Stopped by Laurent Brossoit without a rebound.
11:10 of 2nd period - Zachary Sanford wins face-off versus Vincent Trocheck in Blackdemons zone.
11:19 of 2nd period - Vincent Trocheck is hit by Roman Josi.
11:35 of 2nd period - Roman Josi is hit by Jonathan Marchessault and loses puck.
12:04 of 2nd period - Backhand shot by Ladislav Nagy.
12:04 of 2nd period - Stopped by Marek Mazanek without a rebound.
12:05 of 2nd period - Jonathan Marchessault wins face-off versus Patrice Cormier in Sewer Rats zone.
12:31 of 2nd period - Brett Kulak is hit by Steven Kampfer and loses puck.
12:42 of 2nd period - Wrist shot by Erik Condra.
12:42 of 2nd period - Shot Blocked by Brett Kulak.
12:49 of 2nd period - Icing by Robbie Russo.
12:50 of 2nd period - Kyle Rau wins face-off versus William Karlsson in Blackdemons zone.
12:59 of 2nd period - Wrist shot by William Karlsson.
12:59 of 2nd period - Shot Misses the Net.
13:01 of 2nd period - Slapshot by Joel Edmundson.
13:01 of 2nd period - Stopped by Laurent Brossoit without a rebound.
13:02 of 2nd period - Jonathan Marchessault wins face-off versus Patrice Cormier in Blackdemons zone.
13:30 of 2nd period - Minor Penalty to Keaton Ellerby for Slashing.
13:31 of 2nd period - Kyle Rau wins face-off versus Jonathan Marchessault in Blackdemons zone.
13:31 of 2nd period - Kyle Rau is hit by Jarred Tinordi.
13:42 of 2nd period - Snap shot by Patrice Cormier.
13:42 of 2nd period - Shot Misses the Net.
14:52 of 2nd period - Kyle Rau is hit by Joel Edmundson and loses puck.
15:30 of 2nd period - Penalty to Keaton Ellerby is over, Keaton Ellerby is back on ice.
15:57 of 2nd period - Wrist shot by Dmitrij Jaskin.
15:57 of 2nd period - Goal by Dmitrij Jaskin - Blackdemons : 4 - Sewer Rats : 5.
15:58 of 2nd period - Martin Hanzal wins face-off versus Jonathan Marchessault in neutral zone.
16:01 of 2nd period - Wrist shot by Alexei Morozov.
16:01 of 2nd period - Stopped by Marek Mazanek with a rebound.
16:03 of 2nd period - Snap shot by Roman Josi.
16:03 of 2nd period - Stopped by Marek Mazanek without a rebound.
16:04 of 2nd period - Jonathan Marchessault wins face-off versus Martin Hanzal in Sewer Rats zone.
16:19 of 2nd period - Wrist shot by Alexei Morozov.
16:19 of 2nd period - Shot Misses the Net.
16:25 of 2nd period - Minor Penalty to Jarred Tinordi for Roughing.
16:26 of 2nd period - Mark Mancari wins face-off versus Patrice Cormier in Sewer Rats zone.
17:38 of 2nd period - Steven Kampfer is hit by Patrice Cormier and loses puck.
18:25 of 2nd period - Penalty to Jarred Tinordi is over, Jarred Tinordi is back on ice.
19:00 of 2nd period - Slapshot by Roman Josi.
19:00 of 2nd period - Stopped by Marek Mazanek with a rebound.
19:02 of 2nd period - Snap shot by Sergei Plotnikov.
19:02 of 2nd period - Shot Misses the Net.
19:32 of 2nd period - Erik Condra is hit by Brett Kulak.
Goals for this period are 1 for Blackdemons vs 1 for Sewer Rats.
Shots for this period are 11 for Blackdemons vs 9 for Sewer Rats.

3rd period


0:01 of 3rd period - Jonathan Marchessault wins face-off versus Patrice Cormier in neutral zone.
0:17 of 3rd period - Minor Penalty to Mark Mancari for Hooking.
0:18 of 3rd period - Patrice Cormier wins face-off versus Nick Cousins in Sewer Rats zone.
1:15 of 3rd period - Slapshot by Nick Cousins.
1:15 of 3rd period - Stopped by Laurent Brossoit without a rebound.
1:16 of 3rd period - Patrice Cormier wins face-off versus Nick Cousins in Blackdemons zone.
2:09 of 3rd period - Jeffrey Foss is hit by Daniel Carr and loses puck.
2:17 of 3rd period - Penalty to Mark Mancari is over, Mark Mancari is back on ice.
2:26 of 3rd period - Slapshot by Ladislav Nagy.
2:26 of 3rd period - Stopped by Marek Mazanek with a rebound.
2:29 of 3rd period - Icing by John Ramage.
2:30 of 3rd period - Vincent Trocheck wins face-off versus Kyle Rau in Sewer Rats zone.
2:30 of 3rd period - Vincent Trocheck is hit by Ladislav Nagy.
2:44 of 3rd period - Snap shot by Daniel Carr.
2:44 of 3rd period - Stopped by Laurent Brossoit with a rebound.
2:51 of 3rd period - Minor Penalty to Hudson Fasching for Interference.
2:52 of 3rd period - Kyle Rau wins face-off versus Jonathan Marchessault in Blackdemons zone.
2:52 of 3rd period - Kyle Rau is hit by Jarred Tinordi.
4:51 of 3rd period - Penalty to Hudson Fasching is over, Hudson Fasching is back on ice.
4:57 of 3rd period - Ladislav Nagy is hit by Jarred Tinordi and loses puck.
5:16 of 3rd period - Martin Frk is hit by Hudson Fasching and loses puck.
5:40 of 3rd period - Jarred Tinordi is hit by Patrice Cormier and loses puck.
6:07 of 3rd period - Slapshot by Ladislav Nagy.
6:07 of 3rd period - Deflect By Patrice Cormier.
6:07 of 3rd period - Shot Misses the Net.
6:07 of 3rd period - Puck is out of play.
6:08 of 3rd period - Jonathan Marchessault wins face-off versus Martin Hanzal in Sewer Rats zone.
6:08 of 3rd period - Jonathan Marchessault is hit by Keaton Ellerby.
6:16 of 3rd period - Wrist shot by Blake Pietila.
6:16 of 3rd period - Shot Blocked by John Ramage.
6:18 of 3rd period - Slapshot by Blake Pietila.
6:18 of 3rd period - Goal by Blake Pietila - Blackdemons : 5 - Sewer Rats : 5.
6:19 of 3rd period - Martin Hanzal wins face-off versus Vincent Trocheck in neutral zone.
7:38 of 3rd period - Max Friberg is hit by Mark Mancari.
8:22 of 3rd period - Off-side.
8:23 of 3rd period - Vincent Trocheck wins face-off versus Kyle Rau in neutral zone.
8:32 of 3rd period - Snap shot by Sergei Plotnikov.
8:32 of 3rd period - Shot Blocked by Daniel Carr.
8:48 of 3rd period - Vincent Trocheck is hit by Blake Pietila and loses puck.
9:06 of 3rd period - Minor Penalty to Alexei Morozov for Roughing.
9:07 of 3rd period - Patrice Cormier wins face-off versus Jonathan Marchessault in Blackdemons zone.
9:32 of 3rd period - Daniel Carr is hit by Patrice Cormier.
9:36 of 3rd period - Snap shot by Patrice Cormier.
9:36 of 3rd period - Shot Blocked by Steven Kampfer.
9:38 of 3rd period - Wrist shot by Patrice Cormier.
9:38 of 3rd period - Stopped by Marek Mazanek with a rebound.
9:40 of 3rd period - Slapshot by Keaton Ellerby.
9:40 of 3rd period - Shot Blocked by Mark Mancari.
9:42 of 3rd period - Wrist shot by Ladislav Nagy.
9:42 of 3rd period - Stopped by Marek Mazanek with a rebound.
10:42 of 3rd period - Ladislav Nagy is hit by Jonathan Marchessault and loses puck.
10:50 of 3rd period - Icing by Jonathan Marchessault.
10:51 of 3rd period - Kyle Rau wins face-off versus Jonathan Marchessault in Sewer Rats zone.
11:06 of 3rd period - Penalty to Alexei Morozov is over, Alexei Morozov is back on ice.
11:58 of 3rd period - John Ramage is hit by Sergei Plotnikov and loses puck.
12:13 of 3rd period - Wrist shot by Ladislav Nagy.
12:13 of 3rd period - Deflect By Hudson Fasching.
12:13 of 3rd period - Shot Blocked by Nick Cousins.
12:13 of 3rd period - Puck is out of play.
12:14 of 3rd period - Martin Hanzal wins face-off versus Nick Cousins in Sewer Rats zone.
12:33 of 3rd period - Minor Penalty to Brett Kulak for High sticking.
12:34 of 3rd period - Patrice Cormier wins face-off versus Jonathan Marchessault in Blackdemons zone.
12:34 of 3rd period - Patrice Cormier is hit by Steven Kampfer.
13:03 of 3rd period - Snap shot by Mark Mancari.
13:03 of 3rd period - Shot Misses the Net.
13:29 of 3rd period - Snap shot by Daniel Carr.
13:29 of 3rd period - Deflect By Erik Condra.
13:29 of 3rd period - Goal by Erik Condra - Blackdemons : 5 - Sewer Rats : 6.
13:30 of 3rd period - Patrice Cormier wins face-off versus Vincent Trocheck in neutral zone.
13:33 of 3rd period - Backhand shot by Keaton Ellerby.
13:33 of 3rd period - Shot Blocked by Jarred Tinordi.
13:39 of 3rd period - Slapshot by Steven Kampfer.
13:39 of 3rd period - Stopped by Laurent Brossoit with a rebound.
13:41 of 3rd period - Snap shot by Daniel Carr.
13:41 of 3rd period - Shot Misses the Net.
13:43 of 3rd period - Slapshot by Jarred Tinordi.
13:43 of 3rd period - Shot Misses the Net.
13:45 of 3rd period - Slapshot by Steven Kampfer.
13:45 of 3rd period - Stopped by Laurent Brossoit without a rebound.
13:46 of 3rd period - Martin Hanzal wins face-off versus Jonathan Marchessault in Blackdemons zone.
14:44 of 3rd period - Backhand shot by Nick Cousins.
14:44 of 3rd period - Stopped by Laurent Brossoit without a rebound.
14:45 of 3rd period - Patrice Cormier wins face-off versus Jonathan Marchessault in Blackdemons zone.
14:49 of 3rd period - Off-side.
14:50 of 3rd period - Patrice Cormier wins face-off versus Jonathan Marchessault in neutral zone.
15:01 of 3rd period - Wrist shot by Zachary Sanford.
15:01 of 3rd period - Shot Misses the Net.
15:03 of 3rd period - Snap shot by Keaton Ellerby.
15:03 of 3rd period - Stopped by Marek Mazanek with a rebound.
15:23 of 3rd period - Slapshot by Martin Frk.
15:23 of 3rd period - Stopped by Laurent Brossoit without a rebound.
15:24 of 3rd period - William Karlsson wins face-off versus Scott Timmins in Blackdemons zone.
15:38 of 3rd period - Off-side.
15:39 of 3rd period - Kyle Rau wins face-off versus Jonathan Marchessault in neutral zone.
15:50 of 3rd period - Slapshot by Tomas Tatar.
15:50 of 3rd period - Stopped by Laurent Brossoit with a rebound.
15:52 of 3rd period - Slapshot by Jarred Tinordi.
15:52 of 3rd period - Shot Misses the Net.
15:54 of 3rd period - Slapshot by Tomas Tatar.
15:54 of 3rd period - Stopped by Laurent Brossoit with a rebound.
16:29 of 3rd period - Yannick Weber is hit by Joel Edmundson and loses puck.
16:50 of 3rd period - Icing by Patrice Cormier.
16:51 of 3rd period - Patrice Cormier wins face-off versus Vincent Trocheck in Blackdemons zone.
17:25 of 3rd period - Wrist shot by Zachary Sanford.
17:25 of 3rd period - Shot Misses the Net.
17:27 of 3rd period - Wrist shot by Patrice Cormier.
17:27 of 3rd period - Shot Misses the Net.
17:29 of 3rd period - Snap shot by Zachary Sanford.
17:29 of 3rd period - Shot Misses the Net.
17:31 of 3rd period - Wrist shot by Patrice Cormier.
17:31 of 3rd period - Shot Misses the Net.
17:33 of 3rd period - Snap shot by Zachary Sanford.
17:33 of 3rd period - Stopped by Marek Mazanek with a rebound.
17:35 of 3rd period - Slapshot by Zachary Sanford.
17:35 of 3rd period - Shot Misses the Net.
17:37 of 3rd period - Wrist shot by Patrice Cormier.
17:37 of 3rd period - Stopped by Marek Mazanek with a rebound.
17:39 of 3rd period - Wrist shot by Max Friberg.
17:39 of 3rd period - Goal by Max Friberg - Blackdemons : 6 - Sewer Rats : 6.
17:40 of 3rd period - William Karlsson wins face-off versus Kyle Rau in neutral zone.
18:05 of 3rd period - Roman Josi is hit by Joel Edmundson and loses puck.
18:30 of 3rd period - Wrist shot by Kyle Rau.
18:30 of 3rd period - Shot Blocked by Joel Edmundson.
18:52 of 3rd period - Snap shot by Ladislav Nagy.
18:52 of 3rd period - Shot Blocked by John Ramage.
18:56 of 3rd period - Snap shot by Kyle Rau.
18:56 of 3rd period - Shot Misses the Net.
18:58 of 3rd period - Snap shot by Ladislav Nagy.
18:58 of 3rd period - Goal by Ladislav Nagy - Blackdemons : 7 - Sewer Rats : 6.
18:59 of 3rd period - Martin Hanzal wins face-off versus Jonathan Marchessault in neutral zone.
19:08 of 3rd period - Sewer Rats, Marek Mazanek is pulled from the net.
19:10 of 3rd period - Snap shot by Jonathan Marchessault.
19:10 of 3rd period - Shot Misses the Net.
19:12 of 3rd period - Slapshot by Jarred Tinordi.
19:12 of 3rd period - Stopped by Laurent Brossoit with a rebound.
19:14 of 3rd period - Snap shot by Jarred Tinordi.
19:14 of 3rd period - Shot Misses the Net.
19:16 of 3rd period - Wrist shot by Tomas Tatar.
19:16 of 3rd period - Stopped by Laurent Brossoit with a rebound.
19:28 of 3rd period - Slapshot by Mark Mancari.
19:28 of 3rd period - Stopped by Laurent Brossoit with a rebound.
19:30 of 3rd period - Snap shot by Tomas Tatar.
19:30 of 3rd period - Shot Blocked by Roman Josi.
19:34 of 3rd period - Snap shot by Tomas Tatar.
19:34 of 3rd period - Stopped by Laurent Brossoit with a rebound.
19:36 of 3rd period - Snap shot by Tomas Tatar.
19:36 of 3rd period - Stopped by Laurent Brossoit without a rebound.
19:37 of 3rd period - Benoit Groulx call a timeout for Sewer Rats.
19:37 of 3rd period - Jonathan Marchessault wins face-off versus Martin Hanzal in Blackdemons zone.
19:40 of 3rd period - Snap shot by Tomas Tatar.
19:40 of 3rd period - Shot Blocked by Max Friberg.
19:40 of 3rd period - Max Friberg from Blackdemons is injured at 19:40 of 3rd period (Sprained Right Finger).
19:41 of 3rd period - Alexei Morozov wins face-off versus Jonathan Marchessault in Blackdemons zone.
19:56 of 3rd period - Wrist shot by Mark Mancari.
19:56 of 3rd period - Shot Blocked by Keaton Ellerby.
19:58 of 3rd period - Wrist shot by Tomas Tatar.
19:58 of 3rd period - Stopped by Laurent Brossoit without a rebound.
19:59 of 3rd period - Martin Hanzal wins face-off versus Jonathan Marchessault in Blackdemons zone.
Goals for this period are 3 for Blackdemons vs 1 for Sewer Rats.
Shots for this period are 9 for Blackdemons vs 15 for Sewer Rats.